 Dungeon Crawl Stone Soup version 0.27.1-4-g1640c2035a (webtiles) character file.

Game seed: 7638015232717567981

1842 Stomo444 the Scholar of Death (level 9, -2/43 (45) HPs)
             Began as a Vine Stalker Necromancer on Nov 11, 2021.
             Was a Follower of Kikubaaqudgha.
             Splashed by an acid dragon's acid (9 damage)
             ... on level 8 of the Dungeon.
             The game lasted 00:15:40 (6910 turns).

Stomo444 the Scholar of Death (VSNe)                Turns: 6910, Time: 00:15:41

HP:   -2/43 (45)    AC: -4    Str: 17    XL:     9   Next: 12%
MP:   0/19          EV: 15    Int: 11    God:    Kikubaaqudgha [*.....]
Gold: 335           SH:  0    Dex: 25    Spells: 14/20 levels left

rFire    + . .     SeeInvis .   r - +4 dagger "Zeseybos" {distort, Drain rF+ Str+3 Dex+4}
rCold    . . .     Faith    .   (no shield)
rNeg     . . .     Spirit   +   a - +0 robe
rPois    +         Reflect  .   (no helmet)
rElec    .         Harm     .   y - +0 cloak
rCorr    .         Rampage  .   (no gloves)
Will     ++++.                  v - +0 pair of boots
Stlth    +++.......             (no amulet)
HPRegen  1.14/turn              u - ring of Qawiwefi {*Corrode rPois Will+++ Int-4 Dex+6}
MPRegen  0.16/turn              f - +4 ring of protection

@: corroded, lightly drained
A: fangs 3, regeneration 1, magic shield, antimagic bite, no potion heal 2
a: Renounce Religion, Receive Corpses


You were on level 8 of the Dungeon.
You worshipped Kikubaaqudgha.
Kikubaaqudgha was aware of your devotion.
You visited 2 branches of the dungeon, and saw 9 of its levels.

You collected 335 gold pieces.

Inventory:

Hand Weapons
 c - a +0 dagger
 i - a +0 short sword of flaming
 r - the +4 dagger "Zeseybos" (weapon) {distort, Drain rF+ Str+3 Dex+4}
   (You took it off a kobold on level 4 of the Dungeon)

   It warps and distorts space around it, and may blink, banish, or inflict
   extra damage upon those it strikes.
   Unwielding it can cause banishment or high damage.
   Str:       It affects your strength (+3).
   Dex:       It affects your dexterity (+4).
   rF:        It protects you from fire.
   Drain:     It drains your maximum health when unequipped.
Armour
 a - a +0 robe (worn)
 v - a +0 pair of boots (worn)
 y - a +0 cloak (worn)
Jewellery
 d - a ring of protection from fire
 f - a +4 ring of protection (right hand)
 u - the ring of Qawiwefi (left hand) {*Corrode rPois Will+++ Int-4 Dex+6}
   (You found it on level 5 of the Dungeon)

   [ring of dexterity]

   Int:       It affects your intelligence (-4).
   Dex:       It affects your dexterity (+6).
   rPois:     It protects you from poison.
   *Corrode:  It may corrode you when you take damage.
   Will:      It greatly increases your willpower.
 z - a ring of willpower
Wands
 m - a wand of digging (10)
 A - a wand of mindburst (14)
Scrolls
 b - 4 scrolls of teleportation
 h - 7 scrolls of fear
 o - 2 scrolls of identify
 p - 2 scrolls of vulnerability {unknown}
 q - 2 scrolls of fog {unknown}
 t - a scroll of noise {unknown}
 w - a scroll of silence {unknown}
Potions
 e - a potion of lignification
 g - a potion of ambrosia {unknown}
 j - 3 potions of cancellation {unknown}
 k - 2 potions of invisibility {unknown}
 l - 2 potions of curing {unknown}
 n - a potion of attraction {unknown}
 s - 2 potions of might {unknown}
 x - a potion of heal wounds {unknown}


   Skills:
 + Level 4.1 Fighting
 + Level 4.0 Short Blades
 + Level 4.1 Dodging
 - Level 2.4 Stealth
 - Level 6.1 Spellcasting
 - Level 7.0 Necromancy


You had 14 spell levels left.
You knew the following spells:

 Your Spells              Type           Power      Damage    Failure   Level
a - Pain                  Necr           72%        1d7       1%          1
b - Vampiric Draining     Necr           9%         2d7       3%          3
c - Sublimation of Blood  Necr           9%         N/A       1%          2

Your spell library contained the following spells:

 Spells                   Type           Power      Damage    Failure   Level
 Animate Skeleton         Necr           36%        N/A       1%          1
 Corpse Rot               Necr/Air       N/A        N/A       7%          2
 Animate Dead             Necr           9%         N/A       11%         4
 Agony                    Necr           18%        N/A       28%         5


Dungeon Overview and Level Annotations

Branches:
Dungeon (8/15)             Temple (1/1) D:4
   Lair: D:8-11

Altars:
Ashenzari
Cheibriados
Dithmenos
Elyvilon
Fedhas
Gozag
Kikubaaqudgha
Makhleb
Nemelex Xobeh
Qazlal
Ru
Sif Muna
Trog
Uskayaw
Vehumet
Xom
Yredelemnul
Zin
The Shining One

Shops:
D:2 *   D:7 (

Annotations:
D:3 2 transporters


Innate Abilities, Weirdness & Mutations

You have razor-sharp teeth.
Your natural rate of healing is unusually fast.
When hurt, damage is shared between your health and your magic reserves.
Your bite disrupts and absorbs the magic of your enemies.
Potions cannot restore your health.


Message History

There is an entrance to a bailey on this level.
Hurry and find it before the portal closes forever!
Found 2 gold pieces.
There is a stone staircase leading up here.
Found a scroll of immolation.
You now have 335 gold pieces (gained 2).
A necrophage comes into view.
A necrophage is nearby!
A necrophage is nearby!
Casting: Pain (safe; 1% risk of failure)
Confirm with . or Enter, or press ? or * to list all spells.
You can't see any susceptible monsters within range! (Use Z to cast anyway.)
An acid dragon comes into view.
Found a leather armour.
You barely miss the necrophage.
You bite the necrophage, but do no damage.
The acid dragon roars!
The necrophage barely misses you.
You barely miss the acid dragon.
You bite the acid dragon, but do no damage.
The acid dragon spits acid at you. The splash of acid hits you!
The acid corrodes you!
You are splashed with acid!
The necrophage hits you.
You feel drained.
You hit the acid dragon but do no damage.
Space bends around the acid dragon.
You bite the acid dragon. You drain its power.
You feel invigorated.
The acid dragon is moderately wounded.
The acid dragon completely misses you. The acid dragon claws you.
The necrophage hits you but does no damage.
Unknown command.
The acid dragon spits acid at you. The splash of acid hits you!
Your corrosive artefact corrodes you!
You are splashed with acid!
* * * LOW HITPOINT WARNING * * *
The necrophage misses you. The acid dragon spits acid at you.
The splash of acid hits you!
* * * LOW HITPOINT WARNING * * *
The acid corrodes you!
You are splashed with acid!
You die...
Kikubaaqudgha rasps: "You have failed me!
Welcome... death!"

.....# .##
###..... ....
#.......# ....
#.......
.....#....#.#
#..#....#.#
#.........#
#....<....#
..##...@....#
#..........#
#.##...n...#######
# #.............#
#.....D.......#
########....?...
......D..#######
..[...........#
..............#


You could see an acid dragon (catching breath) and a necrophage.

Vanquished Creatures
  3 water moccasins (D:7)
  A sky beast (D:5)
  An ogre (D:6)
  A centaur (D:6)
  A phantom (D:6)
  A kobold brigand (D:6)
  3 bullfrogs
  2 scorpions
  A wyvern skeleton (D:7)
  A bullfrog zombie (D:5)
  A centaur zombie (D:5)
  5 lava snakes (D:7)
  An orc priest (D:6)
  A hound (D:6)
  A centaur skeleton (D:5)
  2 iguanas
  A scorpion zombie (D:5)
  3 orc wizards (D:5)
  A hound skeleton (D:5)
  A howler monkey skeleton (D:7)
  6 adders
  3 gnolls (D:4)
  2 white imps
  An adder skeleton (D:4)
  A worm (D:3)
  3 dart slugs
  15 orcs
  4 ball pythons
  6 endoplasms
  2 giant cockroaches
  7 goblins
  6 hobgoblins
  3 jackals
  12 kobolds
  5 quokkas
  A bat (D:1)
  2 frilled lizards
  6 rats
117 creatures vanquished.

Vanquished Creatures (others)
  A fungus (D:3)
  2 plants (D:3)
3 creatures vanquished.

Grand Total: 120 creatures vanquished

Notes
Turn   | Place    | Note
-------+----------+-------------------------------------------
     0 | D:1      | Stomo444 the Vine Stalker Necromancer began the quest for
                  | the Orb.
     0 | D:1      | Reached XP level 1. HP: 9/9 MP: 4/4
   420 | D:1      | Reached XP level 2. HP: 11/14 MP: 1/6
   808 | D:1      | Reached skill level 1 in Fighting
  1423 | D:2      | Reached skill level 1 in Short Blades
  1423 | D:2      | Reached XP level 3. HP: 17/18 MP: 5/7
  1427 | D:2      | Learned a level 3 spell: Vampiric Draining
  1582 | D:2      | Found Jugeluix's Assorted Antiques.
  2207 | D:3      | Gained mutation: Your natural rate of healing is unusually
                  | fast. [Vine Stalker growth]
  2207 | D:3      | Reached XP level 4. HP: 21/23 MP: 5/8
  2600 | D:3      | Found a faded altar of an unknown god.
  2768 | D:3      | Found a transporter.
  2784 | D:3      | Found a transporter.
  2793 | D:3      | Noticed a kobold demonologist
  3409 | D:4      | Found a staircase to the Ecumenical Temple.
  3492 | D:4      | Reached XP level 5. HP: 26/26 MP: 9/9
  3511 | Temple   | Entered the Ecumenical Temple
  3723 | Temple   | Became a worshipper of Kikubaaqudgha
  3863 | D:4      | Identified the +4 dagger "Zeseybos" {distort, Drain rF+
                  | Str+3 Dex+4}
  4001 | D:4      | Reached XP level 6. HP: 23/32 MP: 7/10
  4320 | D:5      | Entered Level 5 of the Dungeon
  4442 | D:5      | Reached XP level 7. HP: 36/36 MP: 11/11
  4452 | D:5      | Identified the ring of Qawiwefi {*Corrode rPois Will+++
                  | Int-4 Dex+6}
  4938 | D:5      | Reached * piety under Kikubaaqudgha
  4938 | D:5      | Received a gift from Kikubaaqudgha
  4973 | D:6      | Learned a level 2 spell: Sublimation of Blood
  5017 | D:6      | Gained mutation: You have razor-sharp teeth. [Vine Stalker
                  | growth]
  5017 | D:6      | Reached XP level 8. HP: 42/42 MP: 13/13
  5154 | D:6      | Reached skill level 5 in Necromancy
  5437 | D:6      | Found a blossoming altar of Fedhas.
  5873 | D:7      | Identified the +3 mace "Quelih" {antimagic, rF+ SInv}
  5906 | D:7      | Reached skill level 5 in Spellcasting
  5906 | D:7      | Reached skill level 6 in Necromancy
  6351 | D:7      | Found Uttujan's Firing Range.
  6442 | D:7      | Reached XP level 9. HP: 45/45 MP: 18/18
  6745 | D:7      | Reached skill level 7 in Necromancy
  6910 | D:8      | Splashed by an acid dragon's acid

Illustrated notes

Levels and vault maps discovered:
D:1:      scummos_arrival_checkerplants, layout_basic, serial_curves,
          eino_curves_04, eino_curves_04
D:2:      layout_basic, serial_shops, nicolae_shop_overgrown_old_shop,
          serial_park_tiny_2
D:3:      gammafunk_wand_slinger, layout_basic,
          shapermc_ecumenical_altar_hornbeckon, minmay_joined_circles
D:4:      layout_loops_ring, minmay_temple_entry_statues_pillars
D:5:      layout_rooms
D:6:      layout_rooms, lemuel_round_altar
D:7:      layout_basic, kennysheep_cross_room, minmay_stone_trees_large,
          nicolae_shop_firing_range
D:8:      layout_basic, lair_entry_dummy, serial_shops, nicolae_take_the_stairs,
          shop, shop, enter_bailey_5
Temple:   roderic_octagonal_lattice_temple

Skill      XL: |  1  2  3  4  5  6  7  8  9 |
---------------+----------------------------+-----
Fighting       | 1 2 3 4 |  4.1
Dodging        | 2 3 4 |  4.1
Short Blades   | 1 2 3 4 |  4.0
Spellcasting   | 3 5 6 |  6.1
Necromancy     | 6 7 |  7.0
Stealth        | |  2.4

Action                   |  1- 3 |  4- 6 |  7- 9 || total
-------------------------+-------+-------+-------++-------
Melee: Dagger            |    22 |    29 |    94 ||   145
       Bite              |     1 |    39 |    41 ||    81
       Short sword       |     5 |    85 |       ||    90
 Cast: Pain              |    45 |    66 |    73 ||   184
       Vampiric Draining |     2 |     1 |     9 ||    12
       Sublimation of Bl |       |       |     2 ||     2
  Use: Scroll            |     4 |     1 |       ||     5
 Stab: Distracted        |       |     1 |       ||     1
Armor: Robe              |     9 |    27 |    24 ||    60
Dodge: Dodged            |    17 |    65 |    61 ||   143
